[ AOE2 MATCH · #513722944 ]
UnrankedJurchens vs Turks
Player's team · WIN
Rival team · LOSS
[ REPLAY ANALYSIS · EXTRACTED FROM THE RECORDED GAME ]
Feudal
8:54
Castle
18:14
Imperial
—
| APM avg | 55.4 |
| APM peak | 99 |
| eAPM avg | 26.7 |
| Villagers / military | 81 / 52 |
Focus
⚔️ 61.8% · 🌾 38.2%
Cavalry Archer ×42 · Iron Pagoda ×5 · Scout Cavalry ×4 · Spearman ×1
Feudal
11:50
Castle
21:10
Imperial
—
| APM avg | 66.7 |
| APM peak | 100 |
| eAPM avg | 32.3 |
| Villagers / military | 97 / 63 |
Focus
⚔️ 50.6% · 🌾 49.4%
Archer ×49 · Mangonel ×6 · Militia ×4 · Spearman ×4
Match map
Initial resources + every placement click. Lines = walls · curves = elevation contours. ◆ gold · ⬟ stone · ● berries · ✦ relic · ◌ wall gap
Your base· Open — opponent sealed themselves in
VENÓN | Hardware Banned's base· ✓ Closed at 21:11 · 59t walls · no gate
Smoothed initial terrain · ◌ = detected wall gap · hover for details
Inputs per minute
— YuriusuNovakuro - - VENÓN | Hardware Banned
Build order — YuriusuNovakuro
First 150 of 219 actions detected
| 0:00 | queue | Villager (Male) |
| 0:00 | queue | Villager (Male) |
| 0:01 | queue | Villager (Male) |
| 0:01 | queue | Villager (Male) |
| 0:01 | queue | Villager (Male) |
| 0:01 | queue | Villager (Male) |
| 0:03 | Build | House |
| 0:04 | Build | House |
| 1:24 | queue | Villager (Male) |
| 1:51 | queue | Villager (Male) |
| 1:53 | Build | House |
| 2:00 | queue | Villager (Male) |
| 2:35 | Build | Lumber Camp |
| 2:35 | queue | Villager (Male) |
| 3:07 | queue | Villager (Male) |
| 3:07 | queue | Villager (Male) |
| 3:34 | queue | Villager (Male) |
| 3:34 | queue | Villager (Male) |
| 4:00 | queue | Villager (Male) |
| 4:20 | queue | Villager (Male) |
| 4:20 | queue | Villager (Male) |
| 4:34 | queue | Villager (Male) |
| 4:48 | Build | Mill |
| 5:21 | queue | Villager (Male) |
| 5:40 | Research | Loom |
| 6:44 | Research | Feudal Age |
| 6:44 | Research | Feudal Age |
| 7:17 | Build | Barracks |
| 8:10 | Build | House |
| 8:23 | Build | House |
| 8:26 | queue | Villager (Male) |
| 8:36 | Build | House |
| 8:39 | Build | Palisade Wall |
| 8:41 | queue | Villager (Male) |
| 8:54 | Age | Feudal Age |
| 9:02 | Build | Stable |
| 9:09 | queue | Villager (Male) |
| 9:18 | queue | Villager (Male) |
| 9:42 | queue | Scout Cavalry |
| 9:43 | queue | Spearman |
| 9:45 | queue | Villager (Male) |
| 9:54 | Build | Mill |
| 10:03 | queue | Scout Cavalry |
| 10:04 | queue | Villager (Male) |
| 10:13 | queue | Villager (Male) |
| 10:29 | Build | Farm |
| 10:32 | Build | House |
| 10:36 | Build | House |
| 10:41 | Build | Palisade Wall |
| 10:42 | Build | Palisade Wall |
| 10:49 | queue | Scout Cavalry |
| 10:50 | queue | Villager (Male) |
| 11:01 | queue | Villager (Male) |
| 11:02 | Build | Farm |
| 11:05 | Build | Farm |
| 11:18 | queue | Scout Cavalry |
| 11:42 | queue | Villager (Male) |
| 11:57 | Build | Mining Camp |
| 12:09 | Build | House |
| 12:15 | Build | Farm |
| 12:17 | Build | Farm |
| 12:17 | queue | Villager (Male) |
| 12:49 | queue | Villager (Male) |
| 12:55 | queue | Villager (Male) |
| 13:06 | queue | Villager (Male) |
| 13:38 | queue | Villager (Male) |
| 13:49 | queue | Villager (Male) |
| 13:56 | queue | Villager (Male) |
| 14:02 | queue | Villager (Male) |
| 14:15 | Build | Archery Range |
| 14:21 | Build | Farm |
| 14:22 | Build | Farm |
| 14:29 | Build | Farm |
| 14:39 | Build | Farm |
| 14:41 | Build | House |
| 14:56 | Build | House |
| 15:05 | Build | Farm |
| 15:20 | Build | Palisade Wall |
| 15:24 | Build | Palisade Wall |
| 15:26 | Build | Palisade Wall |
| 15:34 | Research | Castle Age |
| 15:44 | Build | Palisade Wall |
| 15:57 | Build | Palisade Wall |
| 16:07 | Build | Blacksmith |
| 16:19 | Build | Palisade Wall |
| 16:22 | Build | House |
| 16:25 | Build | Palisade Wall |
| 16:43 | queue | Villager (Male) |
| 16:48 | Build | Palisade Wall |
| 17:13 | Build | Archery Range |
| 17:20 | Research | Fletching |
| 17:25 | Build | Lumber Camp |
| 17:42 | Build | House |
| 17:43 | Build | House |
| 18:13 | Research | Gold Mining |
| 18:14 | Age | Castle Age |
| 18:16 | queue | Cavalry Archer |
| 18:17 | queue | Cavalry Archer |
| 18:19 | Research | Bodkin Arrow |
| 18:20 | queue | Villager (Male) |
| 18:44 | queue | Cavalry Archer |
| 18:44 | queue | Cavalry Archer |
| 18:59 | Research | Padded Archer Armor |
| 19:01 | queue | Cavalry Archer |
| 19:01 | queue | Cavalry Archer |
| 19:15 | queue | Cavalry Archer |
| 19:15 | queue | Cavalry Archer |
| 19:17 | Research | Double-Bit Axe |
| 19:17 | Research | Double-Bit Axe |
| 19:18 | queue | Villager (Male) |
| 19:30 | queue | Villager (Male) |
| 19:51 | Research | Bow Saw |
| 19:52 | Research | Bow Saw |
| 19:52 | queue | Cavalry Archer |
| 19:52 | queue | Cavalry Archer |
| 19:53 | queue | Villager (Male) |
| 20:07 | queue | Villager (Male) |
| 20:21 | queue | Cavalry Archer |
| 20:21 | queue | Cavalry Archer |
| 20:22 | queue | Villager (Male) |
| 20:53 | Build | Siege Workshop |
| 20:57 | queue | Cavalry Archer |
| 20:57 | queue | Cavalry Archer |
| 20:59 | queue | Villager (Male) |
| 21:14 | queue | Villager (Male) |
| 21:15 | queue | Cavalry Archer |
| 21:20 | queue | Villager (Male) |
| 21:26 | queue | Villager (Male) |
| 21:31 | Build | Farm |
| 21:34 | queue | Cavalry Archer |
| 21:34 | queue | Cavalry Archer |
| 21:55 | queue | Villager (Male) |
| 22:03 | queue | Villager (Male) |
| 22:07 | queue | Iron Pagoda |
| 22:07 | queue | Iron Pagoda |
| 22:08 | queue | Villager (Male) |
| 22:15 | queue | Villager (Male) |
| 22:19 | queue | Villager (Male) |
| 22:23 | queue | Villager (Male) |
| 22:38 | Research | Husbandry |
| 22:38 | Research | Bloodlines |
| 22:44 | queue | Villager (Male) |
| 22:46 | Build | Farm |
| 22:47 | queue | Villager (Male) |
| 22:51 | Build | House |
| 22:53 | Build | House |
| 23:05 | queue | Villager (Male) |
| 23:06 | queue | Cavalry Archer |
| 23:07 | queue | Cavalry Archer |
| 23:13 | Build | Town Center |
Build order — VENÓN | Hardware Banned
First 150 of 208 actions detected
| 0:00 | queue | Villager (Male) |
| 0:01 | queue | Villager (Male) |
| 0:01 | queue | Villager (Male) |
| 0:02 | Build | House |
| 0:03 | Build | House |
| 0:05 | queue | Villager (Male) |
| 1:12 | queue | Villager (Male) |
| 1:48 | queue | Villager (Male) |
| 1:53 | Build | Lumber Camp |
| 2:05 | queue | Villager (Male) |
| 2:36 | queue | Villager (Male) |
| 3:02 | Build | House |
| 3:12 | queue | Villager (Male) |
| 3:33 | queue | Villager (Male) |
| 3:49 | queue | Villager (Male) |
| 3:58 | Build | House |
| 4:02 | queue | Villager (Male) |
| 4:31 | queue | Villager (Male) |
| 4:48 | queue | Villager (Male) |
| 4:50 | queue | Villager (Male) |
| 4:59 | Build | Barracks |
| 5:33 | Build | House |
| 5:42 | Research | Loom |
| 5:57 | Build | Palisade Wall |
| 6:02 | queue | Militia |
| 6:10 | queue | Villager (Male) |
| 6:22 | Build | House |
| 6:34 | queue | Villager (Male) |
| 6:35 | queue | Militia |
| 7:01 | queue | Villager (Male) |
| 7:08 | queue | Militia |
| 7:09 | queue | Villager (Male) |
| 7:14 | Build | Mill |
| 7:38 | queue | Villager (Male) |
| 7:39 | queue | Villager (Male) |
| 7:45 | queue | Villager (Male) |
| 7:46 | queue | Villager (Male) |
| 7:46 | queue | Villager (Male) |
| 7:57 | queue | Militia |
| 7:58 | queue | Villager (Male) |
| 8:06 | queue | Villager (Male) |
| 8:28 | Build | Mill |
| 8:31 | queue | Villager (Male) |
| 8:36 | queue | Villager (Male) |
| 8:37 | queue | Villager (Male) |
| 8:55 | queue | Villager (Male) |
| 8:57 | queue | Villager (Male) |
| 9:13 | Build | House |
| 9:17 | queue | Villager (Male) |
| 9:28 | queue | Villager (Male) |
| 9:32 | queue | Villager (Male) |
| 9:40 | Research | Feudal Age |
| 10:02 | Build | Lumber Camp |
| 10:50 | Build | Mining Camp |
| 10:57 | queue | Villager (Male) |
| 11:04 | Build | Palisade Wall |
| 11:42 | queue | Villager (Male) |
| 11:50 | Age | Feudal Age |
| 11:50 | Build | House |
| 11:52 | queue | Spearman |
| 11:53 | queue | Villager (Male) |
| 11:56 | Build | House |
| 11:58 | Build | Archery Range |
| 12:00 | Build | Palisade Wall |
| 12:03 | Research | Double-Bit Axe |
| 12:04 | queue | Villager (Male) |
| 12:04 | queue | Villager (Male) |
| 12:04 | queue | Villager (Male) |
| 12:10 | Build | Palisade Wall |
| 12:10 | queue | Villager (Male) |
| 12:13 | Build | Palisade Wall |
| 12:13 | queue | Villager (Male) |
| 12:21 | Build | Palisade Wall |
| 12:25 | Build | Palisade Wall |
| 12:33 | queue | Spearman |
| 12:38 | Build | Palisade Wall |
| 12:39 | Build | Palisade Wall |
| 12:48 | queue | Villager (Male) |
| 12:48 | queue | Villager (Male) |
| 12:50 | queue | Spearman |
| 12:59 | queue | Spearman |
| 13:33 | queue | Archer |
| 13:33 | queue | Archer |
| 13:52 | Build | House |
| 13:57 | Build | Farm |
| 13:58 | Build | Farm |
| 14:06 | queue | Villager (Male) |
| 14:10 | Build | Palisade Wall |
| 14:12 | Build | Palisade Wall |
| 14:15 | Build | House |
| 14:27 | Build | Farm |
| 14:39 | queue | Archer ×3 |
| 14:40 | queue | Villager (Male) |
| 14:53 | Build | Blacksmith |
| 15:03 | Build | Palisade Wall |
| 15:03 | Build | Palisade Wall |
| 15:07 | Build | Farm |
| 15:13 | queue | Villager (Male) |
| 15:17 | Build | House |
| 15:20 | queue | Archer |
| 15:21 | queue | Villager (Male) |
| 15:26 | Build | Farm |
| 15:40 | Build | Farm |
| 15:42 | queue | Archer |
| 15:48 | queue | Villager (Male) |
| 15:59 | Build | House |
| 16:04 | queue | Villager (Male) |
| 16:08 | Build | Farm |
| 16:13 | queue | Archer ×3 |
| 16:19 | queue | Villager (Male) |
| 16:30 | Build | Market |
| 16:32 | queue | Villager (Male) |
| 16:37 | queue | Villager (Male) |
| 16:38 | queue | Archer |
| 16:53 | queue | Villager (Male) |
| 17:00 | Build | Farm |
| 17:02 | Build | Farm |
| 17:07 | Build | Farm |
| 17:11 | queue | Villager (Male) |
| 17:14 | queue | Villager (Male) |
| 17:16 | queue | Villager (Male) |
| 17:29 | Build | Farm |
| 17:32 | queue | Villager (Male) |
| 17:43 | queue | Villager (Male) |
| 18:05 | queue | Villager (Male) |
| 18:15 | queue | Villager (Male) |
| 18:31 | Research | Castle Age |
| 18:41 | Build | Palisade Wall |
| 18:48 | Build | Archery Range |
| 18:59 | queue | Archer |
| 19:00 | Build | Palisade Wall |
| 19:36 | Build | Archery Range |
| 19:38 | queue | Archer ×2 |
| 19:53 | Research | Gold Mining |
| 19:59 | queue | Archer |
| 20:10 | queue | Archer |
| 20:20 | queue | Archer |
| 20:23 | Research | Padded Archer Armor |
| 20:30 | queue | Archer |
| 20:41 | queue | Archer |
| 20:55 | Build | Lumber Camp |
| 21:09 | Build | House |
| 21:10 | Age | Castle Age |
| 21:12 | queue | Villager (Male) |
| 21:13 | Research | Fletching |
| 21:15 | Research | Crossbowman (upgrade) |
| 21:24 | queue | Villager (Male) |
| 21:26 | Build | University |
| 21:27 | queue | Villager (Male) |
| 21:27 | queue | Villager (Male) |
Match timeline
| 4:59 | VENÓN | Hardware Banned · first_building Barracks |
| 5:57 | VENÓN | Hardware Banned · wall_segment Palisade Wall x1 |
| 7:17 | YuriusuNovakuro · first_building Barracks |
| 8:39 | YuriusuNovakuro · wall_segment Palisade Wall x5 |
| 8:54 | YuriusuNovakuro · age_up feudal |
| 9:02 | YuriusuNovakuro · first_building Stable |
| 10:41 | YuriusuNovakuro · wall_segment Palisade Wall x1 |
| 10:42 | YuriusuNovakuro · wall_segment Palisade Wall x1 |
| 11:04 | VENÓN | Hardware Banned · wall_segment Palisade Wall x11 |
| 11:50 | VENÓN | Hardware Banned · age_up feudal |
| 11:58 | VENÓN | Hardware Banned · first_building Archery Range |
| 12:00 | VENÓN | Hardware Banned · wall_segment Palisade Wall x16 |
| 12:10 | VENÓN | Hardware Banned · wall_segment Palisade Wall x4 |
| 12:13 | VENÓN | Hardware Banned · wall_segment Palisade Wall x7 |
| 12:21 | VENÓN | Hardware Banned · wall_segment Palisade Wall x12 |
| 12:25 | VENÓN | Hardware Banned · wall_segment Palisade Wall x1 |
| 12:38 | VENÓN | Hardware Banned · wall_segment Palisade Wall x1 |
| 12:39 | VENÓN | Hardware Banned · wall_segment Palisade Wall x1 |
| 14:10 | VENÓN | Hardware Banned · wall_segment Palisade Wall x1 |
| 14:12 | VENÓN | Hardware Banned · wall_segment Palisade Wall x1 |
| 14:15 | YuriusuNovakuro · first_building Archery Range |
| 15:03 | VENÓN | Hardware Banned · wall_segment Palisade Wall x1 |
| 15:03 | VENÓN | Hardware Banned · wall_segment Palisade Wall x1 |
| 15:20 | YuriusuNovakuro · wall_segment Palisade Wall x5 |
| 15:24 | YuriusuNovakuro · wall_segment Palisade Wall x6 |
| 15:26 | YuriusuNovakuro · wall_segment Palisade Wall x6 |
| 15:44 | YuriusuNovakuro · wall_segment Palisade Wall x1 |
| 15:57 | YuriusuNovakuro · wall_segment Palisade Wall x1 |
| 16:19 | YuriusuNovakuro · wall_segment Palisade Wall x1 |
| 16:25 | YuriusuNovakuro · wall_segment Palisade Wall x2 |
| 16:48 | YuriusuNovakuro · wall_segment Palisade Wall x2 |
| 17:41 | VENÓN | Hardware Banned · first_market_sell 500 stone |
| 17:42 | VENÓN | Hardware Banned · first_market_buy 100 food |
| 18:14 | YuriusuNovakuro · age_up castle |
| 18:41 | VENÓN | Hardware Banned · wall_segment Palisade Wall x1 |
| 19:00 | VENÓN | Hardware Banned · wall_segment Palisade Wall x1 |
| 20:53 | YuriusuNovakuro · first_building Siege Workshop |
| 21:10 | VENÓN | Hardware Banned · age_up castle |
| 22:04 | VENÓN | Hardware Banned · wall_segment Palisade Wall x1 |
| 24:51 | VENÓN | Hardware Banned · first_building Siege Workshop |
| 30:43 | VENÓN | Hardware Banned · resign |
[ AI ANALYSIS · 1 CREDIT ]
What really happened in this match?
Wolo.gg analyzes every decision: build order, eco, micro, common mistakes by bracket. Personalized analysis on WhatsApp or Discord in 30 seconds.
Civ guide
Jurchens
Perfil
Jugador #23353296